 Dungeon Crawl Stone Soup version 0.31-a0-521-gc7390f8997 (webtiles) character file.

Game seed: 9439392205230473841

22733 avis the Spry (level 12, -2/69 HPs)
             Began as a Felid Shapeshifter on Aug 9, 2023.
             Was an Initiate of Gozag.
             Slain by a seven-headed hydra (6 damage)
             ... on level 4 of the Lair of Beasts on Aug 11, 2023.
             The game lasted 02:04:25 (21296 turns).

avis the Spry (Felid Shapeshifter)                 Turns: 21296, Time: 02:04:26

Health: -2/69      AC: 16    Str: 22    XL:     12   Next: 65%
Magic:  13/13      EV: 21    Int:  9    God:    Gozag
Gold:   1653       SH:  0    Dex: 22    Spells: 11/11 levels left
                                        Lives:  0   Deaths: 2

rFire   . .          .
                       - Unarmed
rCold   . . .        (shield unavailable)
rNeg    . . .        (body armour unavailable)
rPois   .            (helmet unavailable)
rElec   .            (cloak unavailable)
rCorr   .            (gloves unavailable)
SInv    +            (boots unavailable)
Will    +....        v - amulet of the acrobat
Stlth   +++          i - +6 ring of strength
HPRegen 0.31/turn    H - +4 ring of protection
MPRegen 0.13/turn

%: acrobat
@: snake-form, studying 2 skills
A: constrict, boosted hp, large, (claws 1), (fangs 3), see invisible, (speed 1),
(shaggy fur 3), (stealthy paws), no weapons or thrown items, no armour,
multi-lived
a: Begin Untransformation, Renounce Religion, Potion Petition, Call Merchant,
Bribe Branch


You were on level 4 of the Lair of Beasts.
You worshipped Gozag.
Gozag was most pleased with you.
You were an enormous anaconda.
You visited 3 branches of the dungeon, and saw 19 of its levels.
You also visited: Sewer.

You collected 3570 gold pieces.
You spent 1798 gold pieces at shops.
You paid 119 gold pieces to Gozag.

Inventory:

Jewellery
 i - a +6 ring of strength (left hand)
 m - a ring of willpower
 n - an amulet of reflection
 o - a +6 ring of dexterity
 v - an amulet of the acrobat (around neck)
 y - a ring of positive energy
 z - a ring of protection from cold
 H - a +4 ring of protection (right hand)
 K - a +6 ring of strength
 P - a ring of wizardry
Talismans
 b - a beast talisman
 c - a flux talisman
 C - a serpent talisman (active)
Wands
 a - a wand of iceblast (9)
 j - a wand of digging (5)
 t - a wand of paralysis (7)
 F - a wand of flame (11)
 M - a wand of polymorph (15)
Scrolls
 e - 5 scrolls of torment
 g - 14 scrolls of teleportation
 h - 3 scrolls of noise
 l - 3 scrolls of revelation
 p - 3 scrolls of immolation {unknown}
 r - 5 scrolls of amnesia
 u - a scroll of fear
 D - 3 scrolls of fog
 E - a scroll of butterflies {unknown}
 G - 3 scrolls of poison
 J - a scroll of silence {unknown}
 S - a scroll of blinking {unknown}
Potions
 d - a potion of magic
 f - a potion of invisibility
 k - 4 potions of enlightenment
 s - 3 potions of berserk rage
 w - 4 potions of curing
 x - 2 potions of brilliance
 A - a potion of resistance
 B - 3 potions of lignification
 I - 3 potions of mutation
 L - a potion of haste
 Q - a potion of might


   Skills:
 + Level 9.7 Fighting
 + Level 15.4 Dodging
 - Level 5.0 Stealth
 * Level 12.8 Unarmed Combat
 * Level 13.6 Shapeshifting


You had 11 spell levels left.
You didn't know any spells.
Your spell library contained the following spells:

 Spells                   Type           Power      Damage    Failure   Level
 Apportation              Tloc           0%         N/A       38%         1
 Magic Dart               Conj           0%         1d3       38%         1
 Necrotise                Necr           0%         1d4       38%         1
 Sting                    Tmut/Pois      0%         1d3       38%         1
 Summon Small Mammal      Summ           0%         N/A       38%         1
 Call Imp                 Summ           0%         N/A       52%         2
 Ensorcelled Hibernation  Hex/Ice        0%         N/A       52%         2
 Passwall                 Tmut/Erth      0%         N/A       52%         2
 Poisonous Vapours        Pois/Air       0%         N/A       52%         2
 Call Canine Familiar     Summ           0%         N/A       77%         3
 Dazzling Flash           Conj/Hex       0%         N/A       77%         3
 Ignite Poison            Fire/Tmut/Pois 0%         N/A       77%         3
 Inner Flame              Hex/Fire       0%         N/A       77%         3
 Mephitic Cloud           Conj/Pois/Air  0%         N/A       77%         3
 Summon Guardian Golem    Hex/Summ       0%         N/A       77%         3
 Swiftness                Air            0%         N/A       77%         3
 Tukima's Dance           Hex            0%         N/A       77%         3
 Volatile Blastmotes      Fire/Tloc      0%         2d10      77%         3
 Flame Wave               Conj/Fire      0%         2d4       99%         4
 Iskenderun's Mystic Bla  Conj/Tloc      0%         2d3       99%         4
 Olgreb's Toxic Radiance  Pois           0%         N/A       99%         4
 Sticky Flame             Conj/Fire      0%         2d3       99%         4
 Alistair's Intoxication  Tmut/Pois      0%         N/A       100%        5
 Summon Forest            Summ/Tloc      0%         N/A       100%        5
 Eringya's Noxious Bog    Tmut/Pois      0%         4d6       100%        6
 Starburst                Conj/Fire      0%         6d3       100%        6
 Summon Hydra             Summ           0%         N/A       100%        7
 Ignition                 Fire           0%         3d3       100%        8
 Maxwell's Capacitive Co  Air            0%         ∞         100%        8
 Portal Projectile        Hex/Tloc       Unusable   N/A       N/A         3

Dungeon Overview and Level Annotations

Branches:
Dungeon (13/15)            Temple (1/1) D:6            Lair (5/5) D:10
  Swamp (0/4) Lair:2       Spider (0/4) Lair:3        Slime (0/5) Lair:5
  Sewer (visited)
    Orc: D:9-12      Vaults: D:13-14

Altars:
Ashenzari
Cheibriados
Dithmenos
Elyvilon
Fedhas
Gozag
Hepliaklqana
Kikubaaqudgha
Makhleb
Nemelex Xobeh
Okawaru
Qazlal
Ru
Sif Muna
Trog
Uskayaw
Vehumet
Wu Jian
Xom
Yredelemnul
Zin
The Shining One
Jiyva

Shops:
D:2 (:![   D:3 (   D:4 *   D:8 [

Portals:
Trove: D:10 (give 4 scrolls of blinking)

Annotations:
D:8 2 transporters, bronco's ghost, novice TeSh
Lair:5 1 runed translucent door


Innate Abilities, Weirdness & Mutations

You are an enormous anaconda.
You have a powerful constriction melee attack.
Your maximum health is increased.
((You have sharp claws.))
((You have razor-sharp teeth.))
You have supernaturally acute eyesight. (SInv)
((You cover ground quickly. (Speed+)))
((Your thick and shaggy fur keeps you warm. (AC +3, rC+)))
((Your paws help you pounce on unaware monsters.))
You are incapable of wielding weapons or throwing items.
You cannot wear armour.
You gain extra lives every three experience levels.


Message History

The seven-headed hydra bites you but does no damage.
The seven-headed hydra misses you.
The seven-headed hydra bites you but does no damage. x2
The seven-headed hydra barely misses you.
You climb upwards.
There is a stone staircase leading down here.
You lash the seven-headed hydra!
The seven-headed hydra is lightly wounded.
The seven-headed hydra bites you!
The seven-headed hydra closely misses you.
The seven-headed hydra bites you but does no damage.
The seven-headed hydra closely misses you. x2
The seven-headed hydra bites you but does no damage.
The seven-headed hydra closely misses you.
You hit the seven-headed hydra.
The seven-headed hydra is moderately wounded.
The seven-headed hydra bites you!
The seven-headed hydra closely misses you.
The seven-headed hydra bites you but does no damage.
The seven-headed hydra completely misses you.
The seven-headed hydra barely misses you.
The seven-headed hydra bites you.
The seven-headed hydra completely misses you.
You body-slam the seven-headed hydra!!
The seven-headed hydra is heavily wounded.
The seven-headed hydra bites you but does no damage.
The seven-headed hydra completely misses you.
The seven-headed hydra bites you!
The seven-headed hydra barely misses you.
The seven-headed hydra misses you. The seven-headed hydra bites you!
The seven-headed hydra closely misses you.
You body-slam the seven-headed hydra!!
The seven-headed hydra is almost dead.
The seven-headed hydra bites you!
* * * LOW HITPOINT WARNING * * *
The seven-headed hydra bites you!
* * * LOW HITPOINT WARNING * * *
The seven-headed hydra misses you. The seven-headed hydra bites you.
You die...
Your body crumbles into a pile of gold.

# ##........##
#.P......# #.#......#
##### ##.......###...##
#P......[.......##
#................#
##.......>........#
###.D..............##
##....S..............#
$
#....................##
$
#####..................
##...............#.
##.............###
#............##
#............#
##...........# #####
#...........#


You could see a seven-headed hydra.

Vanquished Creatures
  Snorg (Lair:3)
  Josephine (Lair:4)
  4 hydras
  2 two-headed ogres (D:11)
  Urug (Lair:4)
  Sonja (Lair:4)
  2 skysharks
  Jeremiah (D:7)
  A cyclops (D:11)
  A manticore (D:10)
  16 elephants
  2 black mambas
  2 unseen horrors
  8 cane toads
  5 komodo dragons
  2 polar bears
  2 trolls (D:10)
  Prince Ribbit (Lair:2)
  A hornet (D:10)
  21 blink frogs
  6 dream sheep (Lair:4)
  A shadow (D:11)
  A slime creature (D:10)
  A vampire (D:10)
  4 wraiths
  3 wyverns
  25 yaks
  Grum (D:8)
  3 basilisks
  2 redbacks (Lair:3)
  3 vampire mosquitoes
  4 acid dragons
  7 water moccasins
  3 ice beasts
  2 sky beasts (D:7)
  7 orc warriors
  3 black bears
  2 ogres (D:6)
  19 wolves
  A centaur (D:5)
  A phantom (D:5)
  13 bullfrogs
  2 gnoll sergeants (D:9)
  6 kobold brigands
  4 scorpions
  7 wights
  11 killer bees
  6 howler monkeys
  7 orc priests
  2 jellies
  Crazy Yiuf (D:3)
  5 hounds
  A sleepcap (D:6)
  Ijyb (D:3)
  Terence (D:3)
  3 iguanas
  11 orc wizards
  21 gnolls
  3 river rats
  7 adders
  A shadow imp (D:7)
  3 white imps
  An ufetubus (D:6)
  7 worms
  2 dart slugs
  44 orcs
  10 endoplasms
  5 giant cockroaches
  35 goblins
  29 hobgoblins
  3 jackals (D:2)
  3 quokkas
  7 ball pythons
  7 bats
  10 frilled lizards
  23 kobolds
  11 rats
487 creatures vanquished.

Vanquished Creatures (others)
  An ogre (D:6)
  An orc priest (D:6)
  An orc wizard (D:6)
  A goblin (D:5)
4 creatures vanquished.

Grand Total: 491 creatures vanquished

Notes
Turn   | Place    | Note
-------+----------+-------------------------------------------
     0 | D:1      | avis the Felid Shapeshifter began the quest for the Orb.
     0 | D:1      | Reached XP level 1. HP: 9/9 MP: 2/2
   186 | D:1      | Reached skill level 3 in Dodging
   190 | D:1      | Reached XP level 2. HP: 8/12 MP: 3/3
   753 | D:2      | Found Ejoe's Distillery.
   843 | D:2      | Reached skill level 1 in Stealth
   884 | D:2      | Found Zaoxong's Armour Boutique.
  1005 | D:2      | Reached XP level 3. HP: 15/15 MP: 4/4
  1144 | D:2      | Found Mutiquc's Book Shoppe.
  1208 | D:2      | Found Couf's Weapon Emporium.
  1412 | D:3      | Found Anled's Antique Weapon Shoppe.
  1460 | D:3      | Noticed Crazy Yiuf
  1460 | D:3      | Found a runed translucent door.
  1463 | D:3      | Killed Crazy Yiuf
  1464 | D:3      | Reached XP level 4. HP: 8/19 MP: 1/5
  1530 | D:3      | Noticed Terence
  1540 | D:3      | Killed Terence
  1541 | D:3      | Reached skill level 4 in Dodging
  1829 | D:3      | Noticed Ijyb
  1847 | D:3      | Killed Ijyb
  1848 | D:3      | Reached XP level 5. HP: 12/22 MP: 2/6
  2114 | D:3      | Identified the +0 robe of Hangman {Harm rF+ Regen+}
  2145 | D:3      | Found Jeacror's Magic Scroll Shoppe.
  2343 | D:4      | Found a shadowy altar of Dithmenos.
  2344 | D:4      | Found a sacrificial altar of Ru.
  2704 | D:4      | HP: 1/23 [orc/+0 club (3)]
  2705 | D:4      | Reached skill level 5 in Dodging
  2705 | D:4      | Gained mutation: You are covered in thick fur. (AC +2)
                  | [Felid growth]
  2705 | D:4      | Reached XP level 6. HP: 1/27 MP: 7/7
  2939 | D:4      | Found Evvisuapp's Elemental Accessories.
  3218 | D:5      | Entered Level 5 of the Dungeon
  3620 | D:5      | Noticed an ice beast
  3669 | D:5      | Killed an ice beast
  3670 | D:5      | Reached skill level 6 in Dodging
  3670 | D:5      | Reached XP level 7. HP: 30/30 MP: 8/8
  3757 | D:5      | Reached skill level 5 in Shapeshifting
  4424 | D:5      | Reached skill level 7 in Dodging
  5107 | D:6      | Reached XP level 8. HP: 34/34 MP: 9/9
  5287 | D:6      | Reached skill level 5 in Unarmed Combat
  5340 | D:6      | Found a glowing drain.
  5348 | Sewer    | Entered a sewer
  5925 | Sewer    | Reached skill level 8 in Dodging
  6165 | D:6      | Found a shimmering altar of Xom.
  6220 | D:6      | Reached XP level 9. HP: 18/39 MP: 10/10
  6759 | D:6      | Reached skill level 9 in Dodging
  7070 | D:6      | Found a staircase to the Ecumenical Temple.
  7082 | Temple   | Entered the Ecumenical Temple
  7095 | Temple   | Became a worshipper of Gozag Ym Sagoz the Greedy
  7207 | D:3      | Bought a scroll of identify for 22 gold pieces
  7207 | D:3      | Bought a scroll of fear for 44 gold pieces
  7207 | D:3      | Bought a scroll of poison for 44 gold pieces
  7252 | D:2      | Bought a potion of haste for 120 gold pieces
  7297 | D:3      | Bought a scroll of teleportation for 33 gold pieces
  7724 | D:6      | Reached skill level 5 in Fighting
  8006 | D:7      | Noticed Jeremiah
  8763 | D:7      | Found a glowing golden altar of the Shining One.
  9201 | D:2      | Bought a potion of might for 48 gold pieces
  9319 | D:7      | Killed Jeremiah
  9637 | D:2      | Bought a potion of mutation for 96 gold pieces
  9637 | D:2      | Bought a potion of enlightenment for 60 gold pieces
  9863 | D:8      | Reached XP level 10. HP: 41/44 MP: 11/11
 10013 | D:8      | Noticed Grum
 10027 | D:8      | Killed Grum
 10028 | D:8      | Reached skill level 10 in Dodging
 10033 | D:8      | Reached skill level 5 in Stealth
 10504 | D:8      | Found a sparkling altar of Nemelex Xobeh.
 10543 | D:8      | Found a transporter.
 10543 | D:8      | Noticed bronco's ghost (novice TeSh)
 10546 | D:8      | Found a transporter.
 10547 | D:8      | Identified the +6 great mace of Iquid {freeze, Fly rPois
                  | SInv}
 10547 | D:8      | Identified the +9 great mace "Poxkiul" {drain, *Rage rElec
                  | rN+}
 10547 | D:8      | Noticed a two-headed ogre
 10670 | D:8      | Found Keruem's Antique Armour Shop.
 10954 | D:8      | Found an ornate altar of the Wu Jian Council.
 11667 | D:9      | Reached skill level 10 in Shapeshifting
 11760 | D:9      | Found a basalt altar of Yredelemnul.
 11952 | D:3      | Bought a scroll of vulnerability for 44 gold pieces
 11952 | D:3      | Bought a scroll of amnesia for 44 gold pieces
 12082 | D:10     | Entered Level 10 of the Dungeon
 12237 | D:3      | Bought a scroll of acquirement for 572 gold pieces
 12414 | D:10     | Noticed a manticore
 12421 | D:10     | Killed a manticore
 12422 | D:10     | Reached skill level 11 in Dodging
 12613 | D:10     | Found a portal to a secret trove of treasure.
 12649 | D:10     | Reached XP level 11. HP: 49/49 MP: 12/12
 12691 | D:10     | Found a glowing silver altar of Zin.
 12864 | D:10     | Found a staircase to the Lair.
 13001 | D:10     | You fall into a shaft and drop 3 floors!
 13997 | D:11     | Noticed a two-headed ogre
 14028 | D:11     | Killed a two-headed ogre
 14542 | D:11     | Noticed a two-headed ogre
 14547 | D:11     | Killed a two-headed ogre
 14548 | D:11     | Reached skill level 12 in Dodging
 14666 | Lair:1   | Entered Level 1 of the Lair of Beasts
 14666 | Lair:1   | Noticed an eight-headed hydra
 14793 | Lair:1   | Killed an eight-headed hydra
 15028 | Lair:1   | Gained mutation: Your thick and shaggy fur keeps you warm.
                  | (AC +3, rC+) [Felid growth]
 15028 | Lair:1   | Reached XP level 12. HP: 55/55 MP: 13/13
 15030 | Lair:1   | Reached skill level 10 in Unarmed Combat
 15134 | Lair:1   | Slain by an elephant
 15135 | Lair:1   | Reached XP level 11. HP: -2/61 MP: 12/12
 15215 | Lair:1   | You fall into a shaft and drop 1 floor!
 16292 | D:3      | Bought a scroll of acquirement for 572 gold pieces
 16292 | D:3      | Bought 3 scrolls of teleportation for 99 gold pieces
 16444 | Lair:1   | Acquired a manual of Air Magic
 16446 | Lair:1   | Acquired a manual of Dodging
 16448 | Lair:1   | Upgraded the game from 0.31-a0-507-gbafd7f5274 to
                  | 0.31-a0-521-gc7390f8997
 16545 | Lair:2   | Found a staircase to the Swamp.
 16701 | Lair:2   | Identified the +4 arbalest of Hatred {penet, rF+ rC+ Will-
                  | Str+9}
 16773 | Lair:2   | Reached skill level 13 in Dodging
 17534 | Lair:3   | Noticed Prince Ribbit
 17534 | Lair:3   | Noticed a skyshark
 17539 | Lair:2   | Killed a skyshark
 17559 | Lair:2   | Killed Prince Ribbit
 17758 | Lair:3   | Reached XP level 12. HP: 56/56 MP: 13/13
 17763 | Lair:3   | Found a hole to the Spider Nest.
 18359 | Lair:3   | Noticed a four-headed hydra
 18363 | Lair:3   | Noticed Snorg
 18384 | Lair:3   | HP: 1/67 [Snorg (15)]
 18384 | Lair:3   | Slain by Snorg
 18385 | Lair:3   | Reached XP level 11. HP: -1/62 MP: 12/12
 18621 | Lair:3   | Killed Snorg
 18634 | Lair:3   | Killed a four-headed hydra
 18635 | Lair:3   | Reached skill level 14 in Dodging
 18920 | Lair:4   | Noticed a seven-headed hydra
 18932 | Lair:4   | Killed a seven-headed hydra
 18935 | Lair:4   | HP: 3/63 [polar bear (4)]
 19762 | Lair:4   | Noticed Urug
 20126 | Lair:4   | Noticed Sonja
 20128 | Lair:4   | Killed Sonja
 20129 | Lair:4   | Reached XP level 12. HP: 57/57 MP: 13/13
 20717 | Lair:4   | Noticed a six-headed hydra
 20771 | Lair:4   | Killed a six-headed hydra
 20772 | Lair:4   | Reached skill level 15 in Dodging
 20839 | Lair:4   | Killed Urug
 20901 | Lair:4   | Noticed Josephine
 20919 | Lair:4   | Killed Josephine
 21012 | Lair:5   | Entered Level 5 of the Lair of Beasts
 21278 | Lair:5   | Noticed a seven-headed hydra
 21280 | Lair:5   | Found a runed translucent door.
 21280 | Lair:5   | Found a viscous altar of Jiyva.
 21280 | Lair:5   | Found a staircase to the Slime Pits.
 21280 | Lair:5   | Noticed an acid blob
 21296 | Lair:4   | Slain by a seven-headed hydra

Illustrated notes

Levels and vault maps discovered:
D:1:      dpeg_arrival_radiant, layout_rooms
D:2:      layout_basic, serial_shops, nicolae_shop_statue_plus,
          nicolae_shop_just_a_little_nook, nicolae_shop_rolling_square,
          nicolae_diamond_shop
D:3:      layout_loops_ring, serial_shops, shop, shop, nicolae_the_louvre,
          uniq_crazy_yiuf_cottage, uniq_ijyb, uniq_terence
D:4:      layout_basic, nicolae_overflow_squiral, nicolae_elemental_shop
D:5:      minmay_goblin_kobold_castle, layout_loops_ring,
          hangedman_decor_opposing, minmay_lizard_king
D:6:      layout_basic, xom_confusion_cloud, minmay_temple_entry_proselytizer,
          portal_sewer_entry_b
D:7:      layout_layer_cave, kennysheep_mini, roderic_lattice_a, uniq_jeremiah
D:8:      layout_loops_ring, lemuel_round_altar, nemelex_spade_bored_becter,
          gammafunk_ghost_smash, serial_shops, shop_statue, uniq_grum
D:9:      layout_basic, lemuel_coloured_pillars_altar
D:10:     minmay_clustersquares, layout_irregular_city, zin_academy,
          david_lair_generic, enter_trove_0, minmay_misc_feat_enclosed
D:11:     layout_basic, lightli_orcish_oven
D:12:     minmay_guarded_unrand_guard, layout_stronghold, orc_0_dummy,
          gammafunk_ghost_mausoleum
D:13:     layout_loops_ring, hangedman_vaults_entry_quadrant_bands,
          nicolae_ru_sacrificial_ziggurat
Temple:   dpeg_chambers_temple
Lair:1:   layout_hall_layers, grunt_forest_large_clearings
Lair:2:   layout_chaotic_city, swamp_mist, nicolae_volcano_entry_lava_flow
Lair:3:   layout_small_grid, spider_nest_entry_webs, uniq_snorg,
          uniq_prince_ribbit2
Lair:4:   gammafunk_indiana_jones, layout_cave_pods, uniq_sonja, uniq_urug,
          uniq_josephine
Lair:5:   evil_forest, layout_gridlike, slime_entry_2

Skill      XL: |  1  2  3  4  5  6  7  8  9 10 11 12 |
---------------+-------------------------------------+-----
Dodging        | 3 4 5 6 7 8 9 11 14 15 | 15.4
Stealth        | 1 2 3 4 5 |  5.0
Shapeshifting  | 4 5 7 8 10 13 | 13.6
Fighting       | 2 3 4 5 6 9 8 |  9.7
Unarmed Combat | 4 5 6 8 12 10 | 12.8

Action                     |  1- 3 |  4- 6 |  7- 9 | 10-12 || total
---------------------------+-------+-------+-------+-------++-------
  Melee: Unarmed           |    79 |   133 |   503 |   781 ||  1496
         Bite              |     8 |    15 |    71 |       ||    94
         Punch             |     4 |     1 |     4 |       ||     9
         Constrict         |       |       |     3 |   159 ||   162
  Evoke: Wand              |       |       |     4 |     4 ||     8
    Use: Potion            |       |     1 |     6 |     9 ||    16
         Scroll            |       |       |     4 |    11 ||    15
   Stab: Sleeping          |     3 |    10 |     2 |    15 ||    30
         Distracted        |       |     1 |     1 |     5 ||     7
         Invisible         |       |       |       |     2 ||     2
 Armour: Skin              |     2 |     4 |    19 |   204 ||   229
  Dodge: Dodged            |    42 |    75 |   468 |   757 ||  1342
   Form: Flux              |       |       |     1 |       ||     1
         Anaconda          |       |       |     1 |       ||     1

Table legend: (Time is in decaauts)
 A = Elapsed time spent in this place.
 B = Non-inter-level travel time spent in this place.
 C = Inter-level travel time spent in this place.
 D = Time resting spent in this place.
 E = Time spent auto-exploring this place.
 F = Levels seen in this place.
 G = Mean time per level.
                   A        B        C        D        E       F      G
               +--------+--------+--------+--------+--------+-----+--------+
         Total |  19939 |  17158 |   2781 |   4382 |   6599 |  20 |  997.0 |
       Dungeon |  13216 |  10800 |   2416 |   2713 |   4536 |  13 | 1016.6 |
        Temple |     27 |     13 |     14 |      0 |      0 |   1 |   27.0 |
          Lair |   5894 |   5544 |    350 |   1516 |   1986 |   5 | 1178.8 |
         Sewer |    800 |    800 |      0 |    153 |     76 |   1 |  800.0 |
               +--------+--------+--------+--------+--------+-----+--------+

Top non-repeatable levels by time:
  Lair:3: 1841 daAuts
     D:5: 1757 daAuts
     D:6: 1646 daAuts
  Lair:4: 1645 daAuts
     D:7: 1641 daAuts
    D:10: 1590 daAuts
     D:8: 1376 daAuts
  Lair:2: 1247 daAuts
     D:3: 1222 daAuts
  Lair:1: 1082 daAuts
     D:4: 1014 daAuts
     D:9: 865 daAuts
   Sewer: 800 daAuts
    D:11: 785 daAuts
     D:2: 689 daAuts
